 Dungeon Crawl Stone Soup version 0.28-a0-519-gbfeecf2fc5 (webtiles) character file.

Game seed: 3814462908814322751

63 speeev33 the Skirmisher (level 4, 0/29 HPs)
             Began as a Gargoyle Fighter on Sept 23, 2021.
             Killed from afar by an orc wizard (4 damage)
             ... with a magic dart
             ... on level 3 of the Dungeon.
             The game lasted 00:03:33 (2023 turns).

speeev33 the Skirmisher (Gargoyle Fighter)          Turns: 2023, Time: 00:03:34

Health: 0/29       AC: 14    Str: 20    XL:     4   Next: 9%
Magic:  4/4        EV:  9    Int:  9    God:
Gold:   45         SH:  0    Dex:  9    Spells: 3/3 levels left

rFire   . . .      SeeInvis .   a - +0 flail
rCold   . . .      Faith    .   c - +1 buckler
rNeg    + . .      Spirit   .   k - +4 scale mail
rPois   ∞          Reflect  .   (no helmet)
rElec   +          Harm     .   (no cloak)
rCorr   .          Rampage  .   (no gloves)
Will    .....                   (no boots)
Stlth   ..........              (no amulet)
HPRegen 0.09/turn               (no ring)
MPRegen 0.09/turn               (no ring)

@: confused, mighty
A: sickness immunity, AC +3, negative energy resistance 1, electricity
resistance, torment resistance 1, petrification resistance
a: no special abilities


You were on level 3 of the Dungeon.
You visited 1 branch of the dungeon, and saw 3 of its levels.

You collected 45 gold pieces.

Inventory:

Hand Weapons
 a - a +0 flail (weapon)
Armour
 c - a +1 buckler (worn)
 k - a +4 scale mail (worn)
Wands
 e - a wand of paralysis (7)
 h - a wand of digging (2)
Potions
 f - 3 potions of curing {unknown}
 g - a potion of attraction {unknown}
 i - 2 potions of invisibility {unknown}
 j - a potion of haste {unknown}


   Skills:
 + Level 3.9 Fighting
 + Level 2.7 Maces & Flails
 + Level 3.9 Armour
 + Level 3.8 Shields


You had 3 spell levels left.
You didn't know any spells.
Your spell library was empty.

Dungeon Overview and Level Annotations

Branches:
Dungeon (3/15)

Altars:
Elyvilon
Fedhas

Annotations:
D:2 1 runed translucent door, Crazy Yiuf


Innate Abilities, Weirdness & Mutations

You are immune to sickness and miasma.
Your stone body is resilient. (AC +3)
You are immune to poison.
You resist negative energy. (rN+)
You are resistant to electric shocks. (rElec)
You are resistant to unholy torment.
You are immune to petrification.


Message History

The orc barely misses you.
You barely miss the orc.
The orc is severely wounded.
The orc misses you.
You feel very mighty all of a sudden. You block the orc's attack.
You sock the orc!
You kill the orc!
A magic dart appears from out of thin air!
The magic dart hits you but does no damage.
You hit the orc.
The orc is heavily wounded.
The orc closely misses you.
You hit the orc.
You kill the orc!
You barely miss something. Something hits you.
Something hits you but does no damage.
You closely miss something.
You hear some strange, mumbled words.
You are confused.
You bump into the rock wall.
You hear some strange, mumbled words.
You are more confused.
You bump into the rock wall.
Something hits you but does no damage.
You bump into the rock wall.
Something hits you but does no damage.
You hear some strange, mumbled words.
A puff of flame appears from out of thin air!
The puff of flame hits you!
* * * LOW HITPOINT WARNING * * *
You bump into the rock wall.
You completely miss something.
You hear some strange, mumbled words.
A puff of flame appears from out of thin air!
The puff of flame hits you.
* * * LOW HITPOINT WARNING * * *
You closely miss something.
You hear some strange, mumbled words.
A magic dart appears from out of thin air!
The magic dart hits you.
You die...

....≈≈≈≈≈....[≈≈≈≈≈..##
....≈o_≈≈.....†≈♣≈≈...#
....≈≈≈≈≈.....≈≈≈≈≈...#
.♣...≈≈≈...♣...≈≈≈....#
♣♣♣...o...♣♣♣.........#
♣ ♣♣.....♣♣ ♣♣.....####
♣♣♣.♣♣♣ ♣♣##)## ♣♣♣
###{# ##>@.#
######....# #......#..#
#.........########
######....#......#
#.##.#......#
#.##........#
#...........#
###.#.......#


There were no monsters in sight!

Vanquished Creatures
  2 dart slugs
  4 orcs (D:3)
  5 ball pythons
  3 bats (D:1)
  5 endoplasms
  6 giant cockroaches
  4 goblins
  4 hobgoblins
  2 jackals (D:2)
  2 kobolds
  4 quokkas
  A frilled lizard (D:3)
  4 rats
46 creatures vanquished.

Notes
Turn   | Place    | Note
-------+----------+-------------------------------------------
     0 | D:1      | speeev33 the Gargoyle Fighter began the quest for the Orb.
     0 | D:1      | Reached XP level 1. HP: 14/14 MP: 1/1
   133 | D:1      | Reached XP level 2. HP: 19/19 MP: 2/2
   681 | D:1      | Found a faded altar of an unknown god.
   836 | D:1      | Reached XP level 3. HP: 23/23 MP: 3/3
  1159 | D:2      | Found a blossoming altar of Fedhas.
  1680 | D:2      | Found a runed translucent door.
  1681 | D:2      | Noticed Crazy Yiuf
  1887 | D:3      | Found a white marble altar of Elyvilon.
  1995 | D:3      | Reached XP level 4. HP: 29/29 MP: 4/4
  2023 | D:3      | Killed from afar by an orc wizard

Illustrated notes

Levels and vault maps discovered:
D:1:      dpeg_arrival_leaves_temple_mockup, layout_loops_ring,
          hellmonk_ecumenical_altar_inner_sanctum, st_stairs_5
D:2:      layout_basic, basic_altar, amethyst_killhole, uniq_crazy_yiuf_cottage
D:3:      cheibrodos_old_hovel, layout_basic, elyvilon_altar_3,
          tgw_kikubaaqudgha, amcnicky_mini_rare_corridor_liquid,
          guppyfry_early_lair_pool, uniq_grinder

Action                   |  1- 3 |  4- 6 || total
-------------------------+-------+-------++-------
Melee: Flail             |   139 |    17 ||   156
  Use: Scroll            |     4 |       ||     4
       Potion            |       |     1 ||     1
Armor: Scale mail        |    83 |    10 ||    93
Dodge: Dodged            |    57 |     5 ||    62
Block: Buckler           |    43 |     2 ||    45

Table legend: (Time is in decaauts)
 A = Elapsed time spent in this place.
 B = Non-inter-level travel time spent in this place.
 C = Inter-level travel time spent in this place.
 D = Time resting spent in this place.
 E = Time spent auto-exploring this place.
 F = Levels seen in this place.
 G = Mean time per level.
                   A        B        C        D        E       F      G
               +--------+--------+--------+--------+--------+-----+--------+
         Total |   2067 |   2031 |     36 |    249 |   1268 |   3 |  689.0 |
       Dungeon |   2067 |   2031 |     36 |    249 |   1268 |   3 |  689.0 |
               +--------+--------+--------+--------+--------+-----+--------+

Top non-repeatable levels by time:
     D:1: 1058 daAuts
     D:2: 824 daAuts
     D:3: 184 daAuts
